[Event "Late-Titled-Tuesday-Blitz-April-30-2024"]
[Site "Chess.com"]
[Date "2024.04.30"]
[Round "5"]
[White "Navyblue1"]
[Black "PNEPaul"]
[Result "1/2-1/2"]
[WhiteElo "2230"]
[BlackElo "1955"]
[TimeControl "180+1"]
[EndTime "14:57:31 PDT"]
[Termination "Game drawn by repetition"]

1. d4 a6 2. e4 d6 3. c4 g6 4. f4 h6 5. Nf3 Nd7 6. Nc3 Bg7 7. Be3 e6 8. Bd3 Ne7 9. O-O O-O 10. Rc1 b6 11. b4 Bb7 12. Qb3 Rb8 13.
Rfe1 c5 14. d5 e5 15. b5 a5 16. a4 f5 17. fxe5 dxe5 18. Bf2 f4 19. Be2 g5 20. h3 Ng6 21. Rcd1 h5 22. Nh2 Nf6 23. Qc2 Bc8 24.
Qd3 g4 25. hxg4 hxg4 26. g3 f3 27. Bf1 Kf7 28. d6 Be6 29. Nd5 Nxd5 30. exd5 Bd7 31. Qe4 Qg5 32. Bd3 Qh5 33. Qxg6+ Qxg6 34. Bxg6+ Kxg6 35. Re3 Bf5 36. Rde1 e4 37. Rb3 Be5 38.
Nxg4 Bxg4 39. Rxe4 Kf5 40. Rbe3 Bxd6 41. Re6 Rf6 42. Rxf6+ Kxf6 43. Re4 Bf5 44. Rh4 Be5 45. Rh6+ Bg6 46. Be3 Bd4 47. Kf2 Bxe3+ 48. Kxe3 Kg5 49. Rh4 Re8+ 50. Kxf3 Rf8+ 51. Ke3 Re8+ 52. Kf3 Rf8+ 53. Ke3 Re8+ 54. Kf3 1/2-1/2

[Event "Late-Titled-Tuesday-Blitz-April-30-2024"]
[Site "Chess.com"]
[Date "2024.04.30"]
[Round "5"]
[White "LuisFSiles"]
[Black "DucksParadise"]
[Result "0-1"]
[WhiteElo "2421"]
[BlackElo "2598"]
[TimeControl "180+1"]
[EndTime "14:57:32 PDT"]
[Termination "DucksParadise won by resignation"]

1. e4 e5 2. Nf3 Nc6 3. Nc3 Nf6 4. Bc4 Nxe4 5. O-O Nxc3 6. dxc3 Be7 7. Qd5 O-O 8. Nxe5 Nxe5 9. Qxe5 c6 10. Re1 Bf6 11.
Qg3 d5 12. Bd3 Be6 13. Bf4 Qd7 14. Be5 Bxe5 15. Rxe5 f6 16. Re3 Rae8 17. Rae1 Bf7 18. Qh4 h6 19. Qf4 Rxe3 20. Rxe3 Re8 21. h3 Rxe3 22.
Qxe3 a6 23. Qf4 Qe8 24. Qf5 Qe1+ 25. Kh2 Qe5+ 26. g3 Qxf5 27. Bxf5 b6 28. Kg2 Kf8 29. Kf3 Ke7 30. Ke3 Kd6 31. f4 c5 32. h4 a5 33. a3 Be6 34. Bxe6 Kxe6 35. g4 g6 36. b3 h5 37. gxh5 gxh5 38. c4 dxc4 39. bxc4 Kf5 40. Kf3 a4 41. c3 Ke6 42. Ke4 f5+ 43.
Kf3 Kd6 44. Ke3 Kc6 45. Kd2 Kb7 46. Kc2 Ka6 47. Kd2 Ka5 48. Kc2 b5 49. Kd3 b4 50.
cxb4+ cxb4 51. c5 bxa3 52. Kc4 a2 0-1

[Event "Late-Titled-Tuesday-Blitz-April-30-2024"]
[Site "Chess.com"]
[Date "2024.04.30"]
[Round "5"]
[White "WPWPWP-2015"]
[Black "nitpicker"]
[Result "1-0"]
[WhiteElo "2483"]
[BlackElo "2235"]
[TimeControl "180+1"]
[EndTime "14:57:32 PDT"]
[Termination "WPWPWP-2015 won on time"]

1. e4 c5 2. Nf3 Nc6 3. d4 cxd4 4. Nxd4 Nf6 5. Nc3 d6 6. Bc4 Qb6 7. Ndb5 a6 8. Na3 e6 9. O-O Qc7 10. Bf4 Ne5 11. Bd3 Be7 12. Ne2 b5 13. h3 Bb7 14.
Ng3 O-O 15. Re1 Nfd7 16. c3 Nb6 17. Bf1 Rac8 18. Rc1 Rfd8 19. Qh5 g6 20. Qh6 Bf8 21.
Qh4 Bg7 22. Bg5 Rd7 23. Bf6 Na4 24. Rc2 Nxb2 25. Bxg7 Kxg7 26. Qg5 Qc5 27. Kh1 Qxa3 28. Nh5+ Kf8 29. Nf6 Rdc7 30. Nxh7+ Kg7 31. Nf6 Nbc4 32. f4 Nd7 33. Nh5+ Kf8 34. Qh6+ Ke8 35. Ng7+ Ke7 36. Qg5+ Kf8 37. Qh6 Kg8 38. f5 Nce5 39. fxe6 fxe6 40.
Nxe6 Nf6 41. Rf2 Rh7 42. Qg5 Nfg4 43. Rd2 Qxc3 44. Rd3 Qxe1 45. Rf3 Qxe4 46. Rf4 1-0

[Event "Late-Titled-Tuesday-Blitz-April-30-2024"]
[Site "Chess.com"]
[Date "2024.04.30"]
[Round "5"]
[White "imdvb6307"]
[Black "super_emi_26"]
[Result "0-1"]
[WhiteElo "2546"]
[BlackElo "2765"]
[TimeControl "180+1"]
[EndTime "14:57:33 PDT"]
[Termination "super_emi_26 won on time"]

1. d4 g6 2. Nf3 Bg7 3. c4 b6 4. Nc3 Bb7 5. e4 d6 6. Be2 Nf6 7. d5 c6 8. O-O O-O 9. Nd4 a6 10.
f3 b5 11. Be3 bxc4 12. dxc6 Nxc6 13. Nxc6 Bxc6 14. Bxc4 Nd7 15. Rc1 Qa5 16. Rf2 Rac8 17. Rfc2 Nf6 18. Bd4 Kh8 19. Rb1 Bb7 20. b4 Qd8 21. Qe2 Nh5 22. Bxg7+ Kxg7 23. g3 Nf6 24. Rbc1 Qb6+ 25. Kg2 Qxb4 26. Bd3 Qa5 27. Rb1 Ba8 28. Qd2 h5 29. h4 Rc5 30. Nd1 Qxd2+ 31. Rxd2 a5 32.
Ne3 Rfc8 33. Kf2 Rc3 34. Ke2 Nd7 35. Rdb2 Ne5 36. Bc2 f5 37. f4 Rxe3+ 38. Kxe3 Nc4+ 39. Kd3 Bxe4+ 40. Kd4 Nxb2 41. Bxe4 Rc4+ 42. Kd5 Rxe4 43.
Rxb2 Kf6 44. Rb5 Ra4 45. Rb2 Ra3 46. Re2 Rxg3 47. Re6+ Kf7 48. Re2 Rg4 49. Rf2 Rxh4 50. Kc6 Rh3 51. Kb5 Ra3 0-1

[Event "Late-Titled-Tuesday-Blitz-April-30-2024"]
[Site "Chess.com"]
[Date "2024.04.30"]
[Round "5"]
[White "Artem_Koval"]
[Black "Indefatigable11"]
[Result "1-0"]
[WhiteElo "2549"]
[BlackElo "2370"]
[TimeControl "180+1"]
[EndTime "14:57:33 PDT"]
[Termination "Artem_Koval won on time"]

1. Nf3 Nf6 2. d4 d5 3. c4 e6 4.
g3 Be7 5. Bg2 O-O 6. O-O dxc4 7.
Qc2 a6 8. a4 Bd7 9. Nc3 Bc6 10.
Rd1 Nbd7 11. e4 b5 12. d5 exd5 13. exd5 Bb7 14. Nd4 b4 15. Nc6 Bxc6 16. dxc6 bxc3 17. cxd7 cxb2 18. Bxb2 Bd6 19. Bxa8 Qxa8 20. Bxf6 gxf6 21. Qxc4 Rd8 22. Re1 Be5 23. Rad1 Qf3 24. Qxa6 Bd6 25. Qc8 Bc5 26. Qxd8+ Kg7 27. Rf1 Bxf2+ 28. Rxf2 Qxd1+ 29. Kg2 Qd5+ 30. Rf3 Qd2+ 31. Rf2 Qd5+ 32. Kg1 Qd1+ 33. Rf1 Qd4+ 34. Kg2 Qd2+ 35. Kf3 Qd3+ 36. Kg4 Qxf1 37.
Qxc7 Qe2+ 38. Kf4 Qf2+ 39. Ke4 Qe2+ 40. Kd5 Qd2+ 41. Kc6 Qc3+ 42. Kb7 Qb4+ 43. Kc8 Qxa4 44. d8=Q Qa8+ 45. Kd7 Qd5+ 46. Qd6 Qb5+ 47. Qc6 Qf5+ 48.
Kc7 Qa5+ 49. Qb6 Qe5+ 50. Qdd6 Qc3+ 51. Qbc5 1-0

[Event "Late-Titled-Tuesday-Blitz-April-30-2024"]
[Site "Chess.com"]
[Date "2024.04.30"]
[Round "5"]
[White "Shuvalov"]
[Black "Alex_Sahakyan2006"]
[Result "0-1"]
[WhiteElo "2630"]
[BlackElo "2821"]
[TimeControl "180+1"]
[EndTime "14:57:34 PDT"]
[Termination "Alex_Sahakyan2006 won by resignation"]

1. d4 Nf6 2. c4 c5 3. d5 b5 4. cxb5 a6 5. bxa6 g6 6. Nc3 Bg7 7. e4 O-O 8. e5 Ne8 9. h4 Bxe5 10. Bh6 Ng7 11. Nf3 Bf6 12. Qd2 Bxa6 13. h5 Bxf1 14.
Kxf1 Qa5 15. hxg6 fxg6 16. Ng5 Bd4 17. Nf3 Bf6 18. Re1 d6 19. Ng5 Bd4 20. Rxe7 Ra7 21. Rxa7 Qxa7 22. Nf3 Rxf3 23. gxf3 Nf5 24. Nb5 Qxa2 25.
Qe2 Be5 26. f4 Qxd5 27. Rh3 Nc6 28. fxe5 Nxe5 29. Bf4 c4 30. Bxe5 dxe5 31. Nc3 Qd4 32. Qe4 h5 33. Qxd4 exd4 34. Ne4 Kf7 35. Rf3 Ke6 36. Rh3 Kd5 37. Nd2 d3 38. Nb1 Kc5 39. Ke1 Kb4 40. Kd2 Kb3 41. Kc1 Nd4 42. Nd2+ Kb4 43. Rh4 Kc5 44. Ne4+ Kb4 45. Nd6 Kc5 46.
Nb7+ Kd5 47. Rf4 Ne2+ 48. Kd2 Nxf4 49. Na5 h4 50. Ke3 h3 51. Kxf4 h2 0-1

[Event "Late-Titled-Tuesday-Blitz-April-30-2024"]
[Site "Chess.com"]
[Date "2024.04.30"]
[Round "5"]
[White "kalinchick"]
[Black "Jarming"]
[Result "0-1"]
[WhiteElo "2479"]
[BlackElo "2681"]
[TimeControl "180+1"]
[EndTime "14:57:35 PDT"]
[Termination "Jarming won by checkmate"]

1. Nf3 g6 2. g3 Bg7 3. Bg2 d6 4. O-O Nd7 5. d3 e5 6. e4 Ne7 7. Nbd2 O-O 8. Qe2 h6 9. c3 b6 10.
d4 a5 11. Re1 Ba6 12. Qe3 Re8 13. dxe5 Nxe5 14. Nxe5 dxe5 15. Bf1 Bxf1 16. Nxf1 Nc8 17. Bd2 Nd6 18. Rad1 Nc4 19. Qe2 Nxb2 20. Bg5 Qxg5 21.
Qxb2 Rad8 22. Qb5 Re6 23. Rd7 Rxd7 24. Qxd7 Qe7 25. Qc8+ Bf8 26. Ne3 c6 27. Rd1 Rd6 28. Rxd6 Qxd6 29. Nc4 Qd1+ 30. Kg2 Qd3 31. Qxc6 Qxc3 32.
Qd5 Bg7 33. Nxb6 Qc2 34. Nd7 Qc7 35. Qa8+ Kh7 36. Qd5 Kg8 37. h4 a4 38. Qa8+ Kh7 39.
Qxa4 Qb7 40. Nc5 Qb6 41. Nd3 Bf6 42. Qc4 Kg7 43. Nb4 Bd8 44. Nd5 Qa5 45. Qc3 Qxc3 46. Nxc3 Kf6 47. Kf3 Ke6 48. Nd5 Kd6 49. Kg4 h5+ 50.
Kf3 Kc5 51. Ke3 Ba5 52. f4 exf4+ 53. Kxf4 Kd4 54. Ne3 Bd2 55. g4 Bxe3+ 56. Kg3 Kxe4 57. gxh5 gxh5 58. Kh3 f5 59. a4 f4 60. a5 f3 61. a6 Kd3 62. Kg3 Ke2 63. Kh3 f2 64. a7 f1=Q+ 65. Kg3 Qf2+ 66. Kh3 Bf4 67.
a8=Q Qg3# 0-1

[Event "Late-Titled-Tuesday-Blitz-April-30-2024"]
[Site "Chess.com"]
[Date "2024.04.30"]
[Round "5"]
[White "Casper"]
[Black "Romkachess"]
[Result "1-0"]
[WhiteElo "2505"]
[BlackElo "2630"]
[TimeControl "180+1"]
[EndTime "14:57:35 PDT"]
[Termination "Casper won by checkmate"]

1. e4 c5 2. Nf3 d6 3. g3 g6 4.
Bg2 Bg7 5. c3 Nf6 6. O-O O-O 7.
Re1 Nc6 8. d4 Bg4 9. dxc5 dxc5 10. Qb3 Qc8 11. Bf4 b6 12. Nbd2 Na5 13. Qb5 Rd8 14.
b4 Nb7 15. Rac1 Nd6 16. Qa4 Nh5 17. Be3 cxb4 18. cxb4 Qd7 19. Qxd7 Bxd7 20. Bg5 Rdc8 21. Bxe7 Nb5 22. e5 Nc3 23. Nd4 Bh6 24. f4 Rab8 25.
Bd6 Nxa2 26. Ra1 Nc3 27. Rxa7 Bg4 28. Bxb8 Rxb8 29. Rc1 Nb5 30. Nxb5 Ng7 31. Rcc7 Ne6 32. Rxf7 Rd8 33. Rae7 Rxd2 34. Rxh7 Bg7 35. Rh4 Bf5 36. g4 Rd1+ 37. Kf2 Nxf4 38. gxf5 Rd2+ 39. Ke3 Nxg2+ 40. Kxd2 Nxh4 41. f6 Nf5 42. Rxg7+ Nxg7 43. fxg7 Kxg7 44. Ke3 Kf7 45. Ke4 Ke6 46. Nd4+ Ke7 47. Kd5 Kd7 48. e6+ Ke7 49. Nc6+ Ke8 50. e7 b5 51. Ke6 g5 52.
Ne5 g4 53. Nf7 g3 54. Nd6# 1-0

[Event "Late-Titled-Tuesday-Blitz-April-30-2024"]
[Site "Chess.com"]
[Date "2024.04.30"]
[Round "5"]
[White "KebabJangles"]
[Black "Balla_Tamas"]
[Result "1-0"]
[WhiteElo "2320"]
[BlackElo "2484"]
[TimeControl "180+1"]
[EndTime "14:57:35 PDT"]
[Termination "KebabJangles won by checkmate"]

1. d4 d5 2. c4 e6 3. Nf3 c5 4.
cxd5 exd5 5. Nc3 Nc6 6. g3 Nf6 7. Bg2 cxd4 8. Nxd4 Bc5 9. Nb3 Bb6 10. Nxd5 Be6 11.
Nxf6+ Qxf6 12. O-O O-O 13. Bxc6 bxc6 14. Qc2 Bh3 15.
Bf4 Bxf1 16. Rxf1 Rfe8 17. Bc1 h6 18. e3 Rad8 19. Bd2 Qe6 20. Bc3 Qe4 21. Qe2 c5 22.
Nd2 Qe6 23. Nc4 Rd7 24. Ne5 Rde7 25. Nc4 Qh3 26. f3 Qe6 27. e4 Rd7 28. b3 Red8 29. Kg2 Bc7 30. Rc1 Rd3 31. Nb2 R3d7 32. Nc4 Qg6 33. Ne3 h5 34. Nf5 Qg5 35. Rc2 Rd3 36.
h4 Qg6 37. Ne7+ Kh7 38. Nxg6 fxg6 39. e5 Bb6 40. e6 c4 41. e7 Re8 42. Qe5 Rxc3 43. Rxc3 cxb3 44. axb3 Ba5 45. Qxa5 Rxe7 46. Qc5 Re2+ 47. Qf2 Rxf2+ 48. Kxf2 Kh6 49. Rc7 g5 50. Rxa7 g6 51. Ra5 g4 52. f4 Kg7 53. Re5 Kf6 54. b4 Kf7 55. Ke3 Kf6 56. Rg5 Kg7 57. b5 Kh6 58. b6 Kg7 59. b7 Kh6 60. b8=Q Kg7 61.
Qe8 Kh6 62. Qh8# 1-0

[Event "Late-Titled-Tuesday-Blitz-April-30-2024"]
[Site "Chess.com"]
[Date "2024.04.30"]
[Round "5"]
[White "ab-lsv"]
[Black "ELPRIMO0O0"]
[Result "1-0"]
[WhiteElo "2374"]
[BlackElo "2543"]
[TimeControl "180+1"]
[EndTime "14:57:36 PDT"]
[Termination "ab-lsv won on time"]

1. d4 Nf6 2. c4 c5 3. d5 b5 4. cxb5 a6 5. bxa6 e6 6. Nc3 exd5 7. Nxd5 Be7 8. Nxe7 Qxe7 9. Bg5 O-O 10. e3 Nc6 11. Nf3 Rxa6 12. Be2 Rb6 13. b3 h6 14. Bxf6 Qxf6 15.
O-O Rd8 16. Qd5 d6 17. Rac1 Nb4 18. Qd2 Bb7 19. Rfd1 Ra8 20. a4 Ra5 21. Rc4 Bd5 22.
Rf4 Qe6 23. Bc4 Bxc4 24. Rxc4 d5 25. Rcc1 Qe4 26. h3 c4 27. bxc4 dxc4 28. Qd8+ Kh7 29. Qxb6 Rxa4 30. Qd4 Qxd4 31. Rxd4 Nd3 32. Rcxc4 Ra1+ 33.
Kh2 Nxf2 34. Rf4 f6 35. Rc7 Nd1 36. Rxf6 Nxe3 37. Rff7 Nf1+ 38. Kg1 Ng3+ 39. Kf2 Nh5 40. g4 Ra2+ 41. Ke1 Ra1+ 42. Kd2 Ra2+ 43. Kc1 Nf6 44. Rxf6 Kh8 45. Rff7 h5 46. gxh5 Rf2 47. h4 Rg2 48.
Ng5 Rg1+ 49. Kd2 Rg2+ 50. Ke3 Rxg5 51. hxg5 Kh7 52. Rxg7+ Kh8 53. Rgd7 1-0

[Event "Late-Titled-Tuesday-Blitz-April-30-2024"]
[Site "Chess.com"]
[Date "2024.04.30"]
[Round "5"]
[White "BabageldiAnnaberdiyev"]
[Black "JiangoFett"]
[Result "0-1"]
[WhiteElo "2604"]
[BlackElo "2469"]
[TimeControl "180+1"]
[EndTime "14:57:37 PDT"]
[Termination "JiangoFett won by checkmate"]

1. e4 c5 2. Nf3 Nc6 3. d3 g6 4. Nbd2 Bg7 5. g3 d6 6. Bg2 e5 7. h4 h6 8. O-O Nge7 9. c3 Be6 10. a4 O-O 11. Re1 Qd7 12. Nc4 f5 13. exf5 gxf5 14. h5 Rae8 15. Nh4 d5 16. Ne3 f4 17. Nf1 Bg4 18. Qb3 Bxh5 19. Qb5 f3 20. Bh1 b6 21.
Nh2 Bf7 22. N4xf3 Ng6 23. a5 Rb8 24. axb6 axb6 25. Ra6 Qc7 26. Ng4 Kh7 27. Bg2 Rfe8 28. Nfh2 Be6 29. c4 Nd4 30. Qa4 Bd7 31. Qa3 dxc4 32.
dxc4 Nc2 33. Ra7 Qc8 34. Qd3 Nxe1 35. Qxd7 Qxd7 36. Rxd7 Nxg2 37. Kxg2 Re7 38. Rd6 Rf8 39. Rxb6 e4 40. Be3 Bd4 41. Bxh6 Rf5 42. Be3 Ne5 43. Nf6+ Kg7 44. Nd5 Ref7 45. Bf4 Nxc4 46. Rb3 Rxd5 47. Ng4 Ne5 48. Ne3 Rdd7 49. Rb5 Nd3 50. b3 Nxf4+ 51.
gxf4 Rxf4 52. Nd1 Rdf7 53. b4 Rxf2+ 54. Nxf2 Rxf2+ 55. Kg3 Rf3+ 56. Kg4 Rb3 57. Rb7+ Kf6 58. Rb6+ Ke5 59. Rb8 Rxb4 60. Re8+ Kd5 61. Kf4 e3 62. Kf3 Kc4 63. Ke2 Rb2+ 64. Ke1 Kd3 65. Kd1 Rb1# 0-1

[Event "Late-Titled-Tuesday-Blitz-April-30-2024"]
[Site "Chess.com"]
[Date "2024.04.30"]
[Round "5"]
[White "dennisodessa"]
[Black "pirulillo"]
[Result "0-1"]
[WhiteElo "2536"]
[BlackElo "2339"]
[TimeControl "180+1"]
[EndTime "14:57:37 PDT"]
[Termination "pirulillo won on time"]

1. d4 Nf6 2. c4 g6 3. Nc3 Bg7 4. e4 d6 5. f3 O-O 6. Be3 b6 7. Bd3 a6 8. Nge2 c5 9. O-O Nc6 10. Qd2 cxd4 11. Nxd4 Bb7 12. Rac1 Rc8 13. Rfd1 Nd7 14.
Nxc6 Bxc6 15. Nd5 e6 16. Nc3 Qc7 17. b3 Rfd8 18. Bf1 Nf6 19. Qf2 Rb8 20. Rd2 Qb7 21.
Qh4 Ne8 22. Bg5 Rdc8 23. Be3 b5 24. cxb5 axb5 25. Rdc2 b4 26. Ne2 Bd7 27. Qe1 Rxc2 28. Rxc2 Rc8 29. Rxc8 Bxc8 30. Bd4 Bf8 31. Nc1 d5 32. exd5 Qxd5 33. Bf2 Nc7 34. Bc4 Qa8 35. Nd3 Qxa2 36. Nxb4 Qa3 37. Nc2 Qb2 38. Bd4 Qxc2 39. Qe5 f5 40. Qh8+ Kf7 41. Qxh7+ Ke8 42. Qxg6+ Kd8 43.
Bf6+ Be7 44. Qg8+ Ne8 45. Qf7 Nxf6 0-1

[Event "Late-Titled-Tuesday-Blitz-April-30-2024"]
[Site "Chess.com"]
[Date "2024.04.30"]
[Round "5"]
[White "Nemsko"]
[Black "Mugiwara2b"]
[Result "1-0"]
[WhiteElo "2460"]
[BlackElo "2598"]
[TimeControl "180+1"]
[EndTime "14:57:38 PDT"]
[Termination "Nemsko won by resignation"]

1. e4 c5 2. Nf3 d6 3. d4 cxd4 4. Nxd4 Nf6 5. Nc3 a6 6. Be3 e5 7. Nb3 Nc6 8. h3 Be6 9. Qf3 Be7 10. O-O-O b5 11. g4 b4 12. Nd5 Bxd5 13. exd5 Na5 14. Kb1 O-O 15. g5 Nd7 16. Bd3 g6 17. h4 f5 18.
gxf6 Nxf6 19. Qg2 Nxb3 20. axb3 Nh5 21. Bxg6 hxg6 22. Qxg6+ Ng7 23. Rdg1 Bf6 24. h5 Qe8 25. Qg4 Kh8 26. h6 Nh5 27. Qxh5 Qxh5 28. Rxh5 Rg8 29. Rhh1 Kh7 30. c3 bxc3 31. bxc3 Rgc8 32. Kc2 a5 33. Rg4 e4 34. Rxe4 Rxc3+ 35. Kd2 Rac8 36. Ke2 Rxb3 37.
Re6 Be5 38. Re7+ Kh8 39. Ra7 Rb2+ 40. Kf3 Rf8+ 41. Kg2 Rg8+ 42. Kf3 Rf8+ 43. Kg4 Rb4+ 44. Kh5 Bd4 45. Rg1 Bxe3 46. fxe3 Rg8 47. Rxg8+ Kxg8 48. Ra8+ Kf7 49. Ra7+ Kf6 50. h7 Rb1 51. h8=Q+ Kf5 52.
Qf8+ Ke4 53. Re7+ Kxd5 54. Qf5+ Kc6 55. Qxb1 1-0

[Event "Late-Titled-Tuesday-Blitz-April-30-2024"]
[Site "Chess.com"]
[Date "2024.04.30"]
[Round "5"]
[White "DuleMudule"]
[Black "rdarruda"]
[Result "1-0"]
[WhiteElo "2783"]
[BlackElo "2541"]
[TimeControl "180+1"]
[EndTime "14:57:39 PDT"]
[Termination "DuleMudule won by resignation"]

1. d4 Nf6 2. Bg5 e6 3. e3 d5 4. Nd2 Be7 5. Bd3 c5 6. c3 Nbd7 7. f4 h6 8. Bh4 O-O 9. Qe2 b6 10.
Nh3 Bb7 11. Nf2 Re8 12. O-O Qc7 13. Kh1 Qc6 14. Bxf6 Nxf6 15. Bb5 Qc7 16. Bxe8 Rxe8 17. a4 a6 18. Nf3 Ne4 19. Nxe4 dxe4 20. Ne5 f6 21.
Ng6 Bd6 22. f5 exf5 23. Rxf5 Qf7 24. Nh4 g5 25. Qg4 Kh7 26. Raf1 Be7 27. d5 gxh4 28.
Qxe4 Qg6 29. Qxh4 Bd8 30. e4 Bc8 31. R5f4 Re5 32. b4 Be7 33. h3 Rg5 34. R1f2 Bd7 35. a5 bxa5 36. bxc5 Bxc5 37. Rxf6 Bxf2 38. Qxf2 Qxe4 39.
c4 Rf5 40. Rxf5 Qxf5 41. Qd4 a4 42. c5 a3 43. c6 Bc8 44. d6 a2 45. d7 Qb1+ 46.
Kh2 Qb8+ 47. g3 Bxd7 48. Qxd7+ Kg6 49. Qd3+ Kg7 50. Qc3+ Kh7 51. c7 a1=Q 52. Qd3+ Kg7 53. cxb8=Q 1-0

[Event "Late-Titled-Tuesday-Blitz-April-30-2024"]
[Site "Chess.com"]
[Date "2024.04.30"]
[Round "5"]
[White "NoSpaghettiForYou"]
[Black "rhwr"]
[Result "1-0"]
[WhiteElo "2500"]
[BlackElo "2279"]
[TimeControl "180+1"]
[EndTime "14:57:39 PDT"]
[Termination "NoSpaghettiForYou won by resignation"]

1. Nf3 Nf6 2. e3 d5 3. c4 g6 4. b3 Bg7 5. Bb2 O-O 6. Be2 b6 7. O-O Bb7 8. Nc3 c6 9. Qc2 Nbd7 10. d4 Rc8 11. Rfe1 Re8 12. Rad1 e6 13. a4 a5 14. Qb1 Bf8 15. Bd3 Bb4 16. Re2 Qe7 17. e4 dxc4 18. bxc4 e5 19. d5 Nc5 20. Bc2 Ba6 21. d6 Qd7 22. Qa2 Qg4 23. h3 Qf4 24. Bc1 Bxc3 25. Bxf4 exf4 26. e5 Nfd7 27. h4 Bxe5 28.
Nxe5 Nxe5 29. Qa1 Ned7 30. Re7 Bxc4 31. h5 Be6 32. h6 f6 33. Rg7+ Kh8 34. Qb1 Ne5 35.
Re7 Ncd7 36. Bb3 Bf5 37. Qa2 Rxe7 38. dxe7 Re8 39. Be6 Rxe7 40. Bxf5 gxf5 41. Qc2 Kg8 42. Qxf5 Kf7 43. f3 Ke8 44. Rd6 c5 45. Re6 c4 46. Rxe7+ Kxe7 47. Qxh7+ Ke6 48. Qg8+ Nf7 49. h7 Ke7 50. Qg7 Nf8 51. h8=Q Ne6 52. Qgh7 1-0

[Event "Late-Titled-Tuesday-Blitz-April-30-2024"]
[Site "Chess.com"]
[Date "2024.04.30"]
[Round "5"]
[White "rikchessmx"]
[Black "katharinareinecke"]
[Result "1-0"]
[WhiteElo "2265"]
[BlackElo "2037"]
[TimeControl "180+1"]
[EndTime "14:57:39 PDT"]
[Termination "rikchessmx won on time"]

1. e4 c6 2. d4 d5 3. Nc3 b5 4. a3 dxe4 5. Nxe4 Nf6 6. Ng5 h6 7.
N5f3 Bg4 8. h3 Bh5 9. g4 Bg6 10.
Ne5 Bh7 11. Bg2 Nd5 12. Ngf3 e6 13. O-O Be7 14. b3 O-O 15. Bb2 Qc7 16. c4 Nb6 17.
Qe2 bxc4 18. bxc4 N8d7 19. Nxd7 Nxd7 20. d5 cxd5 21. cxd5 Nc5 22. dxe6 Nxe6 23. Ne5 Rab8 24. Nc6 Rxb2 25. Qxb2 Bf6 26. Qb4 Bxa1 27. Rxa1 Nf4 28.
Rc1 Nd3 29. Ne7+ Qxe7 30. Qxe7 Nxc1 31. Qxa7 Re8 32. Qb7 Ne2+ 33. Kh2 Nf4 34. a4 Nxg2 35. Qxg2 g5 36. Qc6 Rf8 37. a5 Bd3 38. a6 Bxa6 39.
Qxa6 Kg7 40. Qd6 f6 41. Qd4 Rf7 42. Kg3 Rf8 43. h4 Rf7 44. f4 gxh4+ 45. Kxh4 Rf8 46. Kh5 Rf7 47. Qe4 Rf8 48. Qg6+ Kh8 49. Qxh6+ Kg8 50.
Qg6+ Kh8 51. f5 1-0

[Event "Late-Titled-Tuesday-Blitz-April-30-2024"]
[Site "Chess.com"]
[Date "2024.04.30"]
[Round "5"]
[White "Davidalhesa2007"]
[Black "pedroholly22"]
[Result "1-0"]
[WhiteElo "1927"]
[BlackElo "2452"]
[TimeControl "180+1"]
[EndTime "14:57:40 PDT"]
[Termination "Davidalhesa2007 won on time"]

1. d4 d5 2. Nc3 e6 3. Bf4 Nf6 4. Nb5 Na6 5. e3 c6 6. Nc3 Bd6 7. Bxa6 bxa6 8. Nf3 Rb8 9. Rb1 Bxf4 10. exf4 Ne4 11. Nxe4 dxe4 12. Ne5 Qa5+ 13. c3 Qxa2 14. Qc2 Qd5 15. O-O f6 16. c4 Qd6 17. c5 Qd5 18. Nc4 O-O 19. Nd6 Qxd4 20. Rfd1 Qb4 21. Nxe4 e5 22.
fxe5 Bf5 23. f3 fxe5 24. Qe2 Bxe4 25. Qxe4 Qxc5+ 26. Kh1 Rb4 27. Qd3 Qb5 28. Qd6 Rxb2 29. Rbc1 Qe2 30. Rg1 Rxf3 31. Qe6+ Kf8 32. Rxc6 Rb8 33. Qd6+ Kf7 34. Qxb8 Rf6 35. Rxf6+ gxf6 36. Qc7+ Kg6 37. Qd8 Kf7 38. Qd7+ Kg6 39. Qxa7 e4 40. Qb6 e3 41. h3 Qf2 42. Qb1+ Kg7 43. Qd3 e2 44.
Qb1 Qe3 45. Qe1 1-0

[Event "Late-Titled-Tuesday-Blitz-April-30-2024"]
[Site "Chess.com"]
[Date "2024.04.30"]
[Round "5"]
[White "mishanick"]
[Black "GM_dmitrij"]
[Result "1-0"]
[WhiteElo "3114"]
[BlackElo "2975"]
[TimeControl "180+1"]
[EndTime "14:57:44 PDT"]
[Termination "mishanick won by resignation"]

1. d4 Nf6 2. c4 e6 3. Nc3 Bb4 4. Bd2 c5 5. e3 O-O 6. Nf3 b6 7. Bd3 Bb7 8. O-O cxd4 9. Nxd4 Nc6 10. Nxc6 Bxc6 11. Rc1 Rc8 12. a3 Be7 13. Qe2 Qc7 14.
e4 e5 15. b4 Qb8 16. Nd5 Bxd5 17. exd5 Rfe8 18. f3 b5 19. c5 Nxd5 20. Bxh7+ Kxh7 21. Qe4+ Kg8 22. Qxd5 Qc7 23. Be3 Qc6 24. Rfd1 Rcd8 25. Qxe5 Bf6 26. Qf4 Qe6 27. Bd4 Bxd4+ 28. Qxd4 Qa2 29.
Ra1 Qc2 30. Rd2 Qb3 31. h3 Re6 32. Qd3 Qa4 33. Rad1 a5 34. Qc3 axb4 35. axb4 Qa7 36. Kh1 Qc7 37. Rd6 Rxd6 38. Rxd6 Re8 39. Qd2 Re7 40. Kh2 Re6 41. Qf4 Qb8 42. Qg3 Qe8 43. Rb6 Rc6 44. Rxb5 Qe3 45. Rb8+ Kh7 46. Qh4+ Rh6 47.
Qg3 Rg6 48. Qh4+ Rh6 49. Qe4+ Qxe4 50. fxe4 Re6 51. Rb7 Rxe4 52. Rxd7 Rxb4 53. Rxf7 Rc4 54. Rf5 Kg6 55. Rd5 Kf6 56. Kg3 Ke6 57. Rg5 Kf6 58. h4 g6 59. Kh3 Rc3+ 60. g3 Rc2 61. Kg4 Rc3 62. Kf4 Rc4+ 63. Ke3 Rc1 64. Kd4 Kf7 65. Kd5 Rd1+ 66. Kc6 1-0

[Event "Late-Titled-Tuesday-Blitz-April-30-2024"]
[Site "Chess.com"]
[Date "2024.04.30"]
[Round "5"]
[White "GMG"]
[Black "Dhaydon19"]
[Result "1-0"]
[WhiteElo "2806"]
[BlackElo "2617"]
[TimeControl "180+1"]
[EndTime "14:57:46 PDT"]
[Termination "GMG won by resignation"]

1. Nf3 c6 2. e4 d5 3. Nc3 Bg4 4.
h3 Bxf3 5. Qxf3 e6 6. g3 Nf6 7.
Bg2 dxe4 8. Nxe4 Nxe4 9. Qxe4 Nd7 10. d4 Be7 11. O-O O-O 12. h4 Nf6 13. Qd3 Qc7 14.
Qb3 Rad8 15. c3 b6 16. Rd1 c5 17. Bf4 Bd6 18. Bxd6 Rxd6 19. dxc5 Qxc5 20. Rxd6 Qxd6 21. Rd1 Qc7 22. Qa4 a5 23. Qc6 Qxc6 24. Bxc6 Rb8 25. Rd6 Kf8 26. Bf3 Ke7 27. Rc6 Nd7 28. Rc7 Kd6 29.
Ra7 g6 30. Kf1 f5 31. Ke2 h6 32. Ke3 g5 33. h5 Nf6 34. Rf7 Ke5 35. Be2 f4+ 36.
gxf4+ gxf4+ 37. Kd2 Rd8+ 38. Ke1 Ne4 39. Rb7 Rd6 40. Rb8 Ng5 41. Bg4 Ke4 42. a4 f3 43.
Rf8 e5 44. Bf5+ Kd5 45. Bc2 e4 46. Rf5+ Ke6 47. Rb5 Kf6 48. b4 axb4 49. cxb4 Ne6 50. Bxe4 Nd4 51. Rd5 Rxd5 52. Bxd5 Ke5 53. Bb7 Nc2+ 54.
Kd2 Nxb4 55. Kc3 Na2+ 56. Kc4 Kf4 57. Bc6 Kg4 58. Kb5 Nc3+ 59. Kxb6 Nxa4+ 60. Bxa4 Kxh5 61. Kc5 Kg4 62. Kd4 Kh3 63. Ke3 h5 64. Bc6 h4 65.
Bxf3 Kh2 66. Be4 h3 67. f4 1-0

[Event "Late-Titled-Tuesday-Blitz-April-30-2024"]
[Site "Chess.com"]
[Date "2024.04.30"]
[Round "5"]
[White "Casablanca"]
[Black "Carlitus2004"]
[Result "1-0"]
[WhiteElo "2638"]
[BlackElo "2484"]
[TimeControl "180+1"]
[EndTime "14:57:48 PDT"]
[Termination "Casablanca won on time"]

1. Nf3 c5 2. c3 d5 3. d4 cxd4 4. cxd4 Nc6 5. Nc3 Nf6 6. Bf4 a6 7. Ne5 Bf5 8. e3 e6 9. Nxc6 bxc6 10. Bd3 Bxd3 11. Qxd3 c5 12. dxc5 Bxc5 13. O-O O-O 14. Rac1 Bd6 15. Bxd6 Qxd6 16. e4 Rfd8 17. exd5 Nxd5 18.
Rfd1 Nxc3 19. Qxd6 Rxd6 20. bxc3 Rc6 21. c4 Rac8 22. Rc3 g6 23. Rdc1 Rc5 24. g3 Kg7 25. Ra3 a5 26. Rcc3 Kf6 27. Rf3+ Ke7 28. Kg2 R8c7 29. Rfd3 Rd7 30. Rxd7+ Kxd7 31. Kf3 Re5 32.
Kf4 f6 33. Rb3 Kc7 34. a4 Rc5 35. Rc3 Kd6 36. Ke4 f5+ 37. Kd3 Rc8 38. Rb3 Rc5 39.
Rb5 Kc6 40. Kd4 e5+ 41. Kd3 Kd6 42. f3 Kc6 43. h4 Kd6 44. Ke3 Rxc4 45. Rxa5 Rc3+ 46.
Ke2 Ke6 47. Ra7 Ra3 48. Ra5 Kf6 49. Kf2 h6 50. Ra6+ Kg7 51. Ra7+ Kf6 52. Ra6+ Kg7 53. Kg2 Ra2+ 54. Kh3 Ra1 55. g4 Rh1+ 56. Kg3 Rg1+ 57. Kf2 Ra1 58. h5 gxh5 59. gxf5 h4 60. Kg2 h5 61. a5 Kf7 62. Kh3 Rh1+ 63. Kg2 Ra1 64. Ra8 Kg7 65. a6 Kh7 66. a7 1-0